 Dungeon Crawl Stone Soup version 0.14-a0-1297-g3d87a2a (webtiles) character file.

357 July the Covered (level 6, -2/42 HPs)
             Began as a Formicid Fighter on Dec 4, 2013.
             Slain by a giant frog (4 damage)
             ... in a sewer.
             The game lasted 00:18:13 (3436 turns).

July the Covered (Formicid Fighter)                 Turns: 3436, Time: 00:18:13

HP  -2/42        AC  9     Str 21      XL: 6   Next: 21%
MP   6/6         EV  6     Int  7      God:
Gold 168         SH 18     Dex 12      Spells:  0 memorised,  5 levels left

rFire  . . .     SeeInvis +     p - +2,+1 long sword
rCold  . . .     Clarity  .     b - +0 scale mail
rNeg   . . .     Conserve .     q - +0 shield
rPois  x         rCorr    .     (helmet unavailable)
rElec  .         rRot     .     (no cloak)
SustAb . .       Spirit   .     (no gloves)
rMut   .         Warding  .     g - +0 pair of boots
Saprov . . .     Stasis   +     (no amulet)
                                (no ring)
                                (no ring)

@: slightly resistant to hostile enchantments, extremely unstealthy
A: permanent stasis, dig shafts and tunnels, four strong arms, poison weakness,
antennae 3, exoskeleton 1
a: Dig, Shaft Self


You were in a sewer.
You were not hungry.

You visited 1 branch of the dungeon, and saw 4 of its levels.
You also visited: Sewer.

You collected 168 gold pieces.

Inventory:

Hand weapons
 p - a +2,+1 long sword (weapon)
Missiles
 f - 12 stones (quivered)
Armour
 b - a +0 scale mail (worn)
 g - a +0 pair of boots (worn)
 q - a +0 shield (worn)
Comestibles
 d - 3 bread rations
 i - a chunk of giant gecko flesh
 j - a rotting chunk of giant newt flesh
 k - an orange
 n - a chunk of giant newt flesh
 r - a chunk of giant cockroach flesh
 u - a meat ration
 x - a rotting chunk of ball python flesh
Scrolls
 a - a scroll of magic mapping {unknown}
 c - 4 scrolls of fear {unknown}
 h - a scroll of enchant armour {unknown}
 l - 2 scrolls of identify {unknown}
 m - 3 scrolls of remove curse {unknown}
 o - a scroll of curse weapon {unknown}
 t - a scroll of curse jewellery {unknown}
Jewellery
 v - an uncursed ring of fire {unknown}


   Skills:
 + Level 3.1 Fighting
 - Level 4.0 Long Blades
 - Level 6.0 Armour
 - Level 3.0 Shields


You had 5 spell levels left.
You didn't know any spells.

Dungeon Overview and Level Annotations

Branches:
Dungeon (4/16)
 Temple: D:4-7

Altars:
Makhleb
Okawaru
Trog
Vehumet

Annotations:
D:3 exclusion: inept feature mimic


Innate Abilities, Weirdness & Mutations

Your are under a permanent stasis effect.
You can dig through walls and to a lower floor.
Your four strong arms can wield any weapon, most with a shield.
You are susceptible to poison.
You have a pair of large antennae on your head (SInv).
Your body is surrounded by an exoskeleton. (HP +5, AC +1)


Message History

The giant frog hits you but does no damage.
The giant frog barely misses you. The giant frog hits you.
The giant frog completely misses you. The giant frog closely misses you.
The giant frog hits you.
* * * LOW HITPOINT WARNING * * *
You block the giant frog's attack. You block the giant frog's attack.
The giant frog hits you.
* * * LOW HITPOINT WARNING * * *
You block the giant frog's attack.
The giant frog hits you but does no damage.
The giant frog hits you.
* * * LOW HITPOINT WARNING * * *
The giant frog hits you.
* * * LOW HITPOINT WARNING * * *
The giant frog hits you but does no damage.
You block the giant frog's attack.
The giant frog hits you but does no damage.
The giant frog hits you.
You die...

#
#####################
....................##
≈≈≈≈≈≈≈≈≈≈≈≈≈≈≈≈≈≈≈..#
≈≈≈≈≈≈≈≈≈≈≈≈≈≈≈≈≈≈≈≈.#
≈≈≈≈≈≈≈≈≈≈≈≈≈≈≈≈≈≈≈≈.#
....≈≈≈≈≈≈≈≈≈≈..≈≈≈≈.#
≈≈≈≈≈≈≈≈≈≈≈≈≈≈≈≈.≈≈≈.#
≈≈≈≈≈≈≈≈≈≈≈≈≈≈≈≈@≈≈≈≈#
≈≈≈≈≈≈≈≈≈≈≈≈≈≈≈≈F≈≈≈≈#
≈≈≈≈≈≈≈.≈≈≈≈≈≈≈≈F≈≈≈.#
≈≈≈≈.?.≈≈.≈≈≈≈≈≈≈≈≈≈≈#
≈≈≈.$!?≈≈.≈≈≈≈≈≈≈≈≈≈≈#
≈≈≈≈.?.≈..≈≈≈≈≈≈≈≈≈≈≈#
≈≈≈≈≈.≈≈≈..≈≈≈≈≈≈≈≈≈≈#
≈≈≈.∩≈≈≈≈#≈≈≈≈≈#
≈≈≈≈≈≈≈≈##≈≈≈≈≈#


You could see 2 giant frogs.

Vanquished Creatures
  A hound (D:4)
  5 adders
  A gnoll (D:1)
  4 giant mites
  4 giant geckos
  An ooze (D:3)
  An orc (D:3)
  2 ball pythons (Sewer)
  10 giant cockroaches
  9 hobgoblins
  4 jackals (D:2)
  7 kobolds
  8 bats
  9 giant newts
  3 goblins
  8 rats
77 creatures vanquished.

Notes
Turn   | Place    | Note
--------------------------------------------------------------
     0 | D:1      | July, the Formicid Fighter, began the quest for the Orb.
     0 | D:1      | Reached XP level 1. HP: 19/19 MP: 1/1
    36 | D:1      | Reached skill level 4 in Armour
    43 | D:1      | Reached XP level 2. HP: 21/24 MP: 2/2
   497 | D:1      | Reached skill level 5 in Armour
   497 | D:1      | Reached XP level 3. HP: 22/28 MP: 3/3
  1002 | D:2      | Reached XP level 4. HP: 28/33 MP: 4/4
  1415 | D:2      | Found a radiant altar of Vehumet.
  1827 | D:2      | Noticed a moth of wrath
  1829 | D:2      | Found a bloodstained altar of Trog.
  2225 | D:3      | Found a burning altar of Makhleb.
  2376 | D:3      | Reached skill level 6 in Armour
  2471 | D:3      | Found an iron altar of Okawaru.
  2605 | D:3      | Reached XP level 5. HP: 37/37 MP: 5/5
  2701 | D:3      | Noticed an ogre
  3012 | D:4      | Found a glowing drain.
  3036 | Sewer    | Entered a sewer
  3055 | Sewer    | Reached XP level 6. HP: 30/42 MP: 6/6
  3435 | Sewer    | HP: 2/42 [giant frog (1)]
  3436 | Sewer    | Slain by a giant frog

Action                   |  1- 3 |  4- 6 || total
-------------------------+-------+-------++-------
Melee: Falchion          |    73 |    19 ||    92
       Long sword        |       |   181 ||   181
  Use: Scroll            |     3 |       ||     3
       Potion            |       |     6 ||     6
